 Dungeon Crawl Stone Soup version 0.27-a0-1579-g97d2440184 (webtiles) character file.

Game seed: 1967027629178808384

166 bande the Shield-Bearer (level 5, 0/33 HPs)
             Began as a Gargoyle Fighter on July 18, 2021.
             Slain by an adder (4 damage)
             ... on level 2 of the Dungeon.
             The game lasted 00:01:57 (972 turns).

bande the Shield-Bearer (Gargoyle Fighter)           Turns: 972, Time: 00:01:58

Health: 0/33       AC: 11    Str: 25    XL:     5   Next: 47%
Magic:  5/5        EV:  8    Int:  9    God:
Gold:   46         SH: 10    Dex: 16    Spells: 4/4 levels left

rFire    . . .     SeeInvis .   a - +0 war axe
rCold    . . .     Faith    .   c - +0 kite shield
rNeg     + . .     Spirit   .   b - +0 scale mail
rPois    ∞         Reflect  .   (no helmet)
rElec    +         Harm     .   (no cloak)
rCorr    .         Rampage  .   (no gloves)
Will     .....                  (no boots)
Stlth    ..........             (no amulet)
HPRegen  0.11/turn              g - +6 ring of strength
MPRegen  0.09/turn              i - +6 ring of dexterity

@: no status effects
A: sickness immunity, AC +4, negative energy resistance 1, electricity
resistance, torment resistance 1, petrification resistance
a: no special abilities


You were on level 2 of the Dungeon.
You visited 1 branch of the dungeon, and saw 2 of its levels.

You collected 46 gold pieces.

Inventory:

Hand Weapons
 a - a +0 war axe (weapon)
Armour
 b - a +0 scale mail (worn)
 c - a +0 kite shield (worn)
Jewellery
 g - a +6 ring of strength (left hand)
 i - a +6 ring of dexterity (right hand)
 j - a ring of wizardry
Potions
 d - a potion of might
 h - a potion of heal wounds {unknown}
 k - a potion of lignification {unknown}


   Skills:
 + Level 3.9 Fighting
 + Level 3.3 Axes
 + Level 4.0 Armour
 + Level 0.7 Dodging
 - Level 0.1 Stealth
 + Level 4.1 Shields


You had 4 spell levels left.
You didn't know any spells.
Your spell library was empty.

Dungeon Overview and Level Annotations

Branches:
Dungeon (2/15)

Altars:


Innate Abilities, Weirdness & Mutations

You are immune to sickness and miasma.
Your stone body is resilient. (AC +4)
You are immune to poison.
You resist negative energy. (rN+)
You are resistant to electric shocks. (rElec)
You are resistant to unholy torment.
You are immune to petrification.


Message History

The black bear claws you but does no damage.
You block the black bear's attack.
You slash the black bear!
The black bear is severely wounded.
The black bear barely misses you.
The black bear claws you but does no damage.
The black bear claws you.
Unknown command.
You slash the black bear!
The black bear is almost dead.
The black bear bites you. You block the black bear's attack.
The black bear closely misses you.
The black bear goes berserk!
You block the adder's attack.
Unknown command.
You barely miss the black bear.
The black bear is almost dead.
You barely miss the adder. The black bear bites you.
You block the black bear's attack. x2; You block the adder's attack.
The black bear bites you. The black bear claws you.
* * * LOW HITPOINT WARNING * * *
The black bear barely misses you. The adder bites you.
* * * LOW HITPOINT WARNING * * *
You slash the black bear!
You kill the black bear!
You slash the adder! The adder bites you.
* * * LOW HITPOINT WARNING * * *
The adder bites you but does no damage.
Your Axes skill increases to level 3!
Your Armour skill increases to level 4!
Your Shields skill increases to level 4!
You have reached level 5!
You miss the adder.
The adder is severely wounded.
You block the adder's attack. x2
You barely miss the adder.
The adder is severely wounded.
You block the adder's attack. The adder bites you but does no damage.
You closely miss the adder.
The adder is severely wounded.
The adder bites you.
You die...

......... ...<...8.
........# ### # .8...8...
#.######### ..
.........##.........#.##
............. ..........
#.####....... .......##
#.......###.####.#......
................@)......
#.####...##.####.S.....#
........................
#..###...##.###..#......
#..#.....##......#.....#...
#..#
.......†.........#.........
##..#
..#..###................
#.. .... .....#
#.######......##..#.g.#..#
.....# #.# ##.. .....#..#


You could see an adder.

Vanquished Creatures
  A black bear (D:2)
  A jelly (D:2)
  An adder (D:2)
  7 endoplasms
  2 giant cockroaches
  3 goblins
  4 hobgoblins
  2 jackals (D:1)
  3 kobolds
  3 quokkas
  2 ball pythons
  3 bats
  4 rats
36 creatures vanquished.

Vanquished Creatures (others)
  A plant (D:1)
1 creature vanquished.

Grand Total: 37 creatures vanquished

Notes
Turn   | Place    | Note
-------+----------+-------------------------------------------
     0 | D:1      | bande the Gargoyle Fighter began the quest for the Orb.
     0 | D:1      | Reached XP level 1. HP: 14/14 MP: 1/1
    72 | D:1      | Found a faded altar of an unknown god.
    81 | D:1      | Reached XP level 2. HP: 15/19 MP: 2/2
   759 | D:1      | Reached XP level 3. HP: 23/23 MP: 3/3
   833 | D:2      | Reached XP level 4. HP: 26/29 MP: 4/4
   956 | D:2      | Noticed a black bear
   969 | D:2      | Killed a black bear
   970 | D:2      | Reached XP level 5. HP: 3/33 MP: 5/5
   972 | D:2      | Slain by an adder

Illustrated notes

Levels and vault maps discovered:
D:1:      nzn_arrival_crosshair, layout_rooms,
          shapermc_ecumenical_altar_acropolis
D:2:      layout_basic, grunt_ministairs_2

Skill      XL: |  1  2  3  4 |
---------------+-------------+-----
Axes           | 2 3 |  3.3
Armour         | 4 |  4.0
Shields        | 4 |  4.1
Fighting       | |  3.9
Dodging        | |  0.7
Stealth        | |  0.1

Action                   |  1- 3 |  4- 6 || total
-------------------------+-------+-------++-------
Melee: War axe           |    54 |    40 ||    94
  Use: Scroll            |       |     2 ||     2
Armor: Scale mail        |    34 |    28 ||    62
Dodge: Dodged            |    14 |    15 ||    29
Block: Kite shield       |    38 |    45 ||    83

Table legend: (Time is in decaauts)
 A = Elapsed time spent in this place.
 B = Non-inter-level travel time spent in this place.
 C = Inter-level travel time spent in this place.
 D = Time resting spent in this place.
 E = Time spent auto-exploring this place.
 F = Levels seen in this place.
 G = Mean time per level.
                   A        B        C        D        E       F      G
               +--------+--------+--------+--------+--------+-----+--------+
         Total |   1029 |   1007 |     22 |      0 |    779 |   2 |  514.5 |
       Dungeon |   1029 |   1007 |     22 |      0 |    779 |   2 |  514.5 |
               +--------+--------+--------+--------+--------+-----+--------+

Top non-repeatable levels by time:
     D:1: 856 daAuts
     D:2: 173 daAuts
